 Dungeon Crawl Stone Soup version 0.32-a0-350-g4f4d228785 (webtiles) character file.

Game seed: 11196022374364975099

136 n00bmints the Trooper (level 5, -6/63 HPs)
             Began as a Human Berserker on Feb 17, 2024.
             Was a Follower of Trog.
             Mangled by an ogre
             ... wielding a +0 giant club
              (9 damage)
             ... on level 3 of the Dungeon.
             The game lasted 00:05:55 (1882 turns).

n00bmints the Trooper (Human Berserker)             Turns: 1882, Time: 00:05:56

Health: -6/63      AC:  3    Str: 19    XL:     5   Next: 19%
Magic:  5/5        EV: 11    Int:  7    God:    Trog [*.....]
Gold:   81         SH:  4    Dex: 13    Spells: 4/4 levels left

rFire   . . .        e - +3 mace
rCold   . . .        r - +0 buckler
rNeg    . . .        i - +0 leather armour
rPois   .            (no helmet)
rElec   .            (no cloak)
rCorr   .            (no gloves)
SInv    .            (no boots)
Will    ++...        (no amulet) Stlth
                     (no ring)
HPRegen 1.30/turn    (no ring)
MPRegen 0.09/turn

%: no passive effects
@: berserking, strong-willed, regenerating, very quick
A: explore regen
a: Renounce Religion, Berserk


You were on level 3 of the Dungeon.
You worshipped Trog.
Trog was aware of your devotion.
You visited 1 branch of the dungeon, and saw 3 of its levels.

You collected 81 gold pieces.

Inventory:

Hand Weapons
 a - a +0 spear
 e - a +3 mace (weapon)
Armour
 b - a +0 animal skin
 i - a +0 leather armour (worn)
 r - a +0 buckler (worn)
Scrolls
 c - 2 scrolls of identify {unknown}
 m - a scroll of teleportation {unknown}
 p - a scroll of torment {unknown}
 q - a scroll of noise {unknown}
Potions
 d - a potion of invisibility {unknown}
 f - a potion of mutation {unknown}
 g - a potion of haste {unknown}
 h - a potion of heal wounds {unknown}
 j - 2 potions of brilliance {unknown}
 k - a potion of attraction {unknown}
 l - a potion of degeneration {unknown}
 n - a potion of curing {unknown}
 o - a potion of might {unknown}


   Skills:
 + Level 3.9 Fighting
 * Level 2.8 Maces & Flails
 + Level 3.4 Polearms
 + Level 2.4 Armour
 + Level 2.2 Dodging
 + Level 0.4 Stealth


You had 4 spell levels left.
You didn't know any spells.
Your spell library was empty.

Dungeon Overview and Level Annotations

Branches:
Dungeon (3/15)

Altars:


Innate Abilities, Weirdness & Mutations

You regain HP and MP as you explore.


Message History

A bat comes into view.
The bat barely misses you. The bat barely misses you.
The bat closely misses you.
You hit the bat.
The bat is severely wounded.
The bat hits you but does no damage. The bat misses you.
The bat hits you but does no damage.
You sock the bat!
You kill the bat!
Trog accepts your kill.
You see here a bat corpse.
You see here a +0 buckler.
r - a +0 buckler You start putting on your armour.
You continue putting on your +0 buckler. x4
You finish putting on your +0 buckler.
An ogre comes into view. It is wielding a +0 giant club.
Found a stone staircase leading up.
The ogre shouts!
You hit the ogre but do no damage.
The ogre hits you with a +0 giant club!!
Ouch! That really hurt!
* * * LOW HITPOINT WARNING * * *
You sock the ogre!
The ogre is moderately wounded.
The ogre closely misses you.
Your skin crawls.
You feel strong-willed. The ogre barely misses you.
A red film seems to cover your vision as you go berserk!
You feel yourself moving faster!
You feel mighty!
You can no longer call upon Trog for regeneration and willpower.
You barely miss the ogre.
The ogre is moderately wounded.
The ogre hits you with a +0 giant club!!
* * * LOW HITPOINT WARNING * * *
You thump the ogre!
The ogre is almost dead.
The ogre hits you with a +0 giant club!
You die...

#.##.#
######.##.#
#...†..##..
#......#####
#......#
#......#
###.####
.######.#######
.......@O.....#
#######.#.....#
.....<..#
##.#.....#
#.#.....# #.#
....# #.# .....
#.# ###


You could see an ogre.

Vanquished Creatures
  5 adders (D:2)
  2 dart slugs
  3 ribbon worms (D:2)
  5 bats
  3 endoplasms
  A giant cockroach (D:2)
  2 goblins
  6 hobgoblins
  4 jackals (D:1)
  4 quokkas
  3 ball pythons (D:2)
  A frilled lizard (D:2)
  4 kobolds
  3 rats
46 creatures vanquished.

Notes
Turn   | Place    | Note
-------+----------+-------------------------------------------
     0 | D:1      | n00bmints the Human Berserker began the quest for the Orb.
     0 | D:1      | Reached XP level 1. HP: 18/18 MP: 1/1
   238 | D:1      | Reached XP level 2. HP: 23/24 MP: 2/2
   363 | D:1      | Reached XP level 3. HP: 28/29 MP: 3/3
   448 | D:1      | Reached skill level 1 in Maces & Flails
   904 | D:2      | Reached XP level 4. HP: 31/37 MP: 4/4
  1563 | D:2      | Reached ** piety under Trog
  1629 | D:2      | Reached XP level 5. HP: 34/42 MP: 5/5
  1875 | D:3      | Noticed an ogre
  1881 | D:3      | HP: 2/63 [ogre/+0 giant club (21)]
  1882 | D:3      | Mangled by an ogre

Illustrated notes

Levels and vault maps discovered:
D:1:      ncdulo_halloftheorcs, layout_basic
D:2:      minmay_recursive_quarters, layout_loops_corners, patterned_corridor
D:3:      layout_basic, chequers_temple_overflow_minitemple, minmay_bisected

Skill      XL: |  1  2  3  4 |
---------------+-------------+-----
Maces & Flails | 1 2 |  2.8
Fighting       | |  3.9
Polearms       | |  3.4
Armour         | |  2.4
Dodging        | |  2.2
Stealth        | |  0.4

Action                     |  1- 3 |  4- 6 || total
---------------------------+-------+-------++-------
  Melee: Mace              |    58 |    55 ||   113
         Spear             |     3 |       ||     3
 Invoke: Berserk           |     2 |     2 ||     4
         Trog's Hand       |       |     1 ||     1
 Armour: Animal skin       |    18 |       ||    18
         Leather armour    |    18 |    48 ||    66
  Dodge: Dodged            |    54 |    54 ||   108

Table legend: (Time is in decaauts)
 A = Elapsed time spent in this place.
 B = Non-inter-level travel time spent in this place.
 C = Inter-level travel time spent in this place.
 D = Time resting spent in this place.
 E = Time spent auto-exploring this place.
 F = Levels seen in this place.
 G = Mean time per level.
                   A        B        C        D        E       F      G
               +--------+--------+--------+--------+--------+-----+--------+
         Total |   1947 |   1947 |      0 |      0 |    900 |   3 |  649.0 |
       Dungeon |   1947 |   1947 |      0 |      0 |    900 |   3 |  649.0 |
               +--------+--------+--------+--------+--------+-----+--------+

Top non-repeatable levels by time:
     D:2: 1295 daAuts
     D:1: 602 daAuts
     D:3: 48 daAuts
